Map: Blackpink LE

Players

Hurricane

  • Race: Protoss Protoss
  • League: Master
  • Spawn Location: 7:00

Leenock - Winner!

  • Race: Zerg Zerg
  • League: Grandmaster
  • Spawn Location: 1:00

Event: Memes & Dreams Invitational

VOD

Have the link to the VOD?

Description

Time

  • Played on: April 15, 2018, 3:11 a.m.
  • Length: 8:37

All games in this series

Show
View Real Time Build Order
Export as new Build Order

Hurricane Protoss 

Build Orders: 1 Gate Expand, Oracle Opening, Zealot Archon, Archon Drop 

Get SALT Encoding   

  12  0:00  Probe  
  13  0:13  Probe  
  14  0:20  Pylon  
  14  0:25  Probe  
  15  0:38  Probe (Chrono Boost), Gateway  
  16  0:47  Probe (Chrono Boost)  
  16  0:48  Assimilator  
  17  0:52  Probe  
  18  1:04  Probe  
  19  1:16  Probe  
  20  1:25  Nexus  
  20  1:34  Cybernetics Core  
  20  1:38  Probe  
  21  1:44  Assimilator  
  21  1:50  Probe  
  22  1:55  Pylon  
  22  2:02  Probe  
  23  2:11  Adept (Chrono Boost)  
  23  2:14  Probe  
  26  2:18  Stargate  
  26  2:27  Probe (Chrono Boost), Warp Gate  
  27  2:31  Adept (Chrono Boost)  
  29  2:37  Probe (Chrono Boost)  
  31  2:44  Probe (Chrono Boost)  
  31  2:46  Probe (Chrono Boost)  
  31  2:50  Adept  
  34  2:51  Probe (Chrono Boost)  
  34  2:53  Probe  
  36  3:03  Probe  
  36  3:04  Oracle (Chrono Boost)  
  36  3:05  Probe  
  41  3:14  Pylon  
  41  3:15  Probe  
  41  3:17  Probe  
  43  3:24  Gateway  
  43  3:27  Probe  
  43  3:29  Assimilator  
  43  3:32  Assimilator  
  44  3:34  Probe  
  44  3:36  Oracle (Chrono Boost)  
  48  3:41  Probe  
  48  3:46  Probe  
  50  3:54  Probe, Robotics Facility  
  51  3:58  Probe  
  51  4:01  Pylon  
  52  4:05  Twilight Council  
  52  4:07  Probe  
  53  4:10  Probe  
  54  4:19  Probe  
  54  4:23  Probe  
  56  4:24  Phoenix  
  58  4:31  Gateway  
  58  4:47  Charge (Chrono Boost)  
  58  4:48  Warp Prism (Chrono Boost)  
  58  4:49  Gateway  
  57  4:53  Gateway  
  57  4:55  Gateway  
  57  4:58  Templar Archives  
  57  5:05  Probe x2  
  59  5:13  Pylon  
  59  5:17  Zealot  
  59  5:20  Observer  
  62  5:24  Nexus  
  62  5:33  Zealot  
  64  5:43  High Templar x2  
  64  5:44  Pylon  
  64  5:45  Zealot  
  64  5:48  Pylon  
  64  5:49  Pylon  
  70  5:51  Archon  
  70  5:52  Zealot x2  
  70  5:55  Zealot  
  70  5:59  Probe x2  
  70  6:04  Forge  
  66  6:12  High Templar  
  66  6:13  Zealot, High Templar  
  66  6:15  Zealot x2  
  66  6:17  Archon  
  66  6:18  Zealot  
  78  6:19  Probe  
  78  6:21  Probe, Psionic Storm  
  78  6:40  Probe  
  78  6:43  Immortal  
  83  6:49  Gateway  
  83  6:53  High Templar x2  
  87  6:57  Gateway  
  87  6:58  Probe  
  87  6:59  Probe  
  81  7:19  Probe  
  79  7:24  Sentry, High Templar x2  
  79  7:25  Zealot  
  79  7:29  Shield Battery  
  87  7:31  Archon  
  87  7:32  Shield Battery  
  87  7:34  Immortal (Chrono Boost)  
  89  7:40  Shield Battery  
  89  7:41  Zealot x2  
  88  7:46  Zealot  
  88  7:49  Zealot  
  84  7:54  Archon  
  84  7:55  Zealot x2  
  84  7:57  Zealot x2  
  76  8:02  Zealot  
  65  8:09  Zealot  
  62  8:16  Zealot x4  
  62  8:24  Zealot x2  
Show
View Real Time Build Order
Export as new Build Order

Leenock Zerg - Winner!

Build Orders: Hatch First 

Get SALT Encoding   

  12  0:00  Drone  
  13  0:12  Overlord  
  13  0:16  Drone  
  14  0:31  Drone x2  
  16  0:48  Hatchery  
  15  0:52  Drone  
  15  0:55  Drone  
  17  0:58  Drone  
  18  1:05  Extractor  
  17  1:15  Spawning Pool  
  17  1:18  Drone  
  17  1:21  Drone  
  18  1:28  Drone  
  19  1:38  Drone  
  20  1:49  Hatchery  
  20  1:52  Drone  
  20  2:00  Drone  
  20  2:01  Drone  
  22  2:06  Metabolic Boost  
  22  2:14  Queen  
  24  2:20  Overlord  
  25  2:22  Drone  
  25  2:25  Drone  
  25  2:28  Drone  
  27  2:32  Drone  
  28  2:38  Queen  
  28  2:39  Zergling x2  
  28  2:43  Zergling x2  
  32  2:44  Zergling x2  
  32  2:51  Queen  
  33  2:53  Zergling x2  
  36  2:58  Spore Crawler  
  36  3:03  Overlord  
  36  3:05  Drone  
  36  3:07  Queen  
  36  3:10  Drone  
  39  3:13  Drone  
  39  3:14  Drone  
  39  3:16  Drone  
  42  3:24  Spore Crawler  
  42  3:25  Spore Crawler, Drone  
  42  3:26  Drone  
  42  3:28  Drone  
  43  3:37  Drone x2, Spore Crawler  
  43  3:38  Drone  
  45  3:43  Overlord  
  45  3:45  Drone  
  45  3:47  Drone x2  
  48  3:50  Drone  
  48  3:55  Lair  
  49  3:56  Drone  
  49  4:02  Drone x2  
  52  4:06  Drone  
  52  4:07  Drone x2  
  52  4:08  Drone  
  56  4:10  Drone  
  56  4:11  Drone  
  56  4:16  Drone, Spore Crawler  
  57  4:17  Drone  
  57  4:20  Overlord  
  58  4:25  Extractor  
  58  4:26  Extractor, Drone  
  58  4:27  Extractor  
  58  4:29  Overlord  
  58  4:30  Drone x2  
  59  4:32  Overlord  
  54  4:54  Hydralisk Den  
  54  4:56  Zergling x10  
  54  4:57  Zergling x6  
  54  4:58  Drone x7  
  68  5:09  Overlord  
  67  5:21  Overlord x2  
  67  5:24  Hydralisk  
  67  5:25  Hydralisk x2, Grooved Spines  
  73  5:29  Hydralisk x3  
  79  5:36  Hydralisk  
  81  5:44  Baneling Nest  
  81  5:45  Evolution Chamber  
  81  5:48  Hydralisk x2  
  81  5:50  Hydralisk  
  81  5:55  Hydralisk  
  81  5:56  Drone x4  
  87  6:02  Hydralisk x2  
  89  6:09  Drone  
  89  6:10  Drone x2  
  92  6:11  Hydralisk  
  92  6:15  Overlord  
  92  6:16  Zergling x2  
  92  6:17  Zergling x2  
  92  6:18  Zergling x2  
  96  6:22  Zergling x2  
  96  6:25  Overlord x2  
  97  6:36  Baneling  
  97  6:37  Baneling x4  
  96  6:44  Muscular Augments  
  96  6:48  Hydralisk x2  
  96  6:49  Zergling x2  
  96  6:50  Zergling x16  
  96  6:52  Zergling x4  
  111  6:54  Zergling x2  
  111  6:55  Zergling x2  
  111  7:00  Zergling x2  
  111  7:01  Zergling x4  
  115  7:03  Overlord  
  115  7:04  Overlord  
  113  7:16  Zergling x2  
  113  7:22  Baneling x8, Zergling x2  
  114  7:23  Zergling x14  
  114  7:26  Zergling x4  
  123  7:30  Zergling x2  
  123  7:31  Baneling x6  
  123  7:33  Zergling x4  
  123  7:34  Zergling x2  
  127  7:38  Zergling x2  
  127  7:44  Zergling x2  
  126  7:56  Hydralisk x5  
  126  7:58  Zergling x6  
  127  8:08  Zergling x8  
  127  8:09  Zergling x6  
  130  8:12  Baneling  
  130  8:13  Baneling x6  
Tags
 
Add a new tag
Caveats
  • Supply blocks, unpowered buildings, or Contaminate may cause inaccurate times.
  • Supply counts are checked every 10 seconds.